 Dungeon Crawl Stone Soup version 0.22.1-2-g9c5b331 (webtiles) character file.

83 wyoknott the Firebug (level 4, 0/30 HPs)
             Began as a Human Fire Elementalist on Nov 28, 2018.
             Slain by an orc
             ... wielding a +0 trident
              (5 damage)
             ... on level 3 of the Dungeon.
             The game lasted 00:16:40 (3517 turns).

wyoknott the Firebug (Human Fire Elementalist)      Turns: 3517, Time: 00:16:40

Health: 0/30       AC:  2    Str:  9    XL:     4   Next: 71%
Magic:  5/8        EV: 12    Int: 16    God:
Gold:   90         SH:  0    Dex: 13    Spells: 5/8 levels left

rFire    + . .     SeeInvis .   p - -3 mace (curse)
rCold    x . .     Gourm    .   (no shield)
rNeg     . . .     Faith    .   a - +0 robe
rPois    .         Spirit   .   (no helmet)
rElec    .         Reflect  .   (no cloak)
rCorr    .         Harm     .   (no gloves)
MR       .....                  (no boots)
Stlth    ++........             (no amulet)
HPRegen  0.10/turn              c - ring of fire
MPRegen  0.11/turn              (no ring)

@: lethally poisoned (0 -> -18)
A: no striking features
a: no special abilities


You were on level 3 of the Dungeon.
You were not hungry.

You visited 1 branch of the dungeon, and saw 3 of its levels.

You collected 90 gold pieces.

Inventory:

Hand Weapons
 g - a +0 hand axe of chopping
 h - a +0 short sword
 k - a +0 short sword
 p - a cursed -3 mace (weapon)
Missiles
 b - 5 tomahawks
 f - 5 exploding tomahawks (quivered)
Armour
 a - a +0 robe (worn)
 e - a +0 pair of gloves
 j - a +0 buckler
Jewellery
 c - a ring of fire (left hand)
Scrolls
 r - a scroll of amnesia
Potions
 d - a potion of flight {unknown}
 i - a potion of curing
 l - a potion of invisibility
 m - a potion of heal wounds {unknown}
 n - 2 potions of haste {unknown}
 o - 2 potions of might {unknown}
Comestibles
 q - a ration


   Skills:
 + Level 0.1 Fighting
 + Level 0.3 Short Blades
 + Level 2.3 Dodging
 + Level 2.4 Stealth
 + Level 2.8 Spellcasting
 + Level 1.7 Conjurations
 + Level 3.7 Fire Magic


You had 5 spell levels left.
You knew the following spells:

 Your Spells              Type           Power        Failure   Level  Hunger
a - Flame Tongue          Conj/Fire      ###..        6%          1    #......
b - Throw Flame           Conj/Fire      ###...       10%         2    ##.....

Your spell library contained the following spells:

 Spells                   Type           Power        Failure   Level  Hunger
 Conjure Flame            Conj/Fire      ###.....     19%         3    ###....
 Inner Flame              Hex/Fire       ##......     26%         3    ###....
 Sticky Flame             Conj/Fire      ###.....     52%         4    #####..
 Fireball                 Conj/Fire      ###.......   86%         5    ######.


Dungeon Overview and Level Annotations

Branches:
Dungeon (3/15)

Altars:
Elyvilon
Okawaru

Annotations:
D:3 Sigmund


Message History

The orc wizard is severely wounded.
You feel sick. The orc wizard hits you with a dagger.
The kobold shoots a poisoned needle.
The poisoned needle completely misses you.
The orc hits you but does no damage.
An orc comes into view.
The orc hits you from afar with a trident.
* * * LOW HITPOINT WARNING * * *
The orc wizard barely misses you.
Unknown command.
You closely miss the orc wizard.
The orc wizard is severely wounded.
* * * LOW HITPOINT WARNING * * *
You feel sick.
The orc shouts!
The orc wizard hits you but does no damage.
The kobold shoots a poisoned needle.
The poisoned needle barely misses you. The orc misses you.
The orc barely misses you.
The orc hits you from afar with a trident.
You die...

.# #####.(.######.......
.#### ##.###. ..#####
>...##...###.###########
.....+......K........oo.
.##..#...........o######
.###.#...####.....#
...#..# #...o.# ...##.#
#...oo# ...##.# #...@o#
...##.# ##....(####
...##.# #.....(..ยง#
...##.## #.........#
...##..## #...).....#
...###..## ##.########
### ...###...## #.# #..
#####.....###.# #..
#....<....##.# #..


You could see an orc wizard, 4 orcs and a kobold.

Vanquished Creatures
  An adder (D:2)
  A shadow imp (D:3)
  5 leopard geckos
  3 orcs (D:3)
  3 bats
  3 giant cockroaches
  5 goblins
  7 hobgoblins
  6 jackals (D:2)
  5 kobolds
  4 quokkas
  5 frilled lizards
  4 rats
52 creatures vanquished.

Notes
Turn   | Place    | Note
-------+----------+-------------------------------------------
     0 | D:1      | wyoknott the Human Fire Elementalist began the quest for
                  | the Orb.
     0 | D:1      | Reached XP level 1. HP: 13/13 MP: 3/3
   816 | D:1      | Reached XP level 2. HP: 15/19 MP: 0/5
  1014 | D:1      | Learned a level 2 spell: Throw Flame
  1704 | D:2      | Reached XP level 3. HP: 24/24 MP: 4/6
  1879 | D:2      | Found a white marble altar of Elyvilon.
  2581 | D:2      | Reached XP level 4. HP: 30/30 MP: 4/7
  2882 | D:3      | Noticed Sigmund
  3273 | D:3      | Found an iron altar of Okawaru.
  3517 | D:3      | Slain by an orc

Action                   |  1- 3 |  4- 6 || total
-------------------------+-------+-------++-------
Melee: Short sword       |    28 |       ||    28
       Mace              |       |    17 ||    17
 Cast: Flame Tongue      |    40 |    34 ||    74
  Use: Scroll            |     3 |     1 ||     4
       Potion            |       |     1 ||     1
 Stab: Sleeping          |     1 |       ||     1
  Eat: Ration            |     2 |     1 ||     3
Armor: Robe              |    11 |     3 ||    14
Dodge: Dodged            |    31 |    36 ||    67
